 Dungeon Crawl Stone Soup version 0.30-a0-591-g3c58d2bc28 (webtiles) character file.

Game seed: 13292529194028257988

39 OTABOTABOTAB the Shield-Bearer (level 3, 0/20 HPs)
             Began as a Vine Stalker Fighter on Jan 6, 2023.
             Slain by Terence
             ... wielding a +0 flail
              (7 damage)
             ... on level 2 of the Dungeon.
             The game lasted 00:00:57 (813 turns).

OTABOTABOTAB the Shield-Bearer (VSFi)                Turns: 813, Time: 00:00:57

Health: 0/20       AC:  7    Str: 20    XL:     3   Next: 45%
Magic:  0/4        EV:  9    Int:  8    God:
Gold:   58         SH:  4    Dex: 13    Spells: 2/2 levels left

rFire   . . .      SeeInvis .    a - +0 rapier
rCold   + . .      Faith    .    c - +0 buckler
rNeg    . . .      Spirit   +    b - +0 scale mail
rPois   .          Reflect  .    (no helmet)
rElec   .          Harm     .    (no cloak)
rCorr   +          Rampage  .    i - +0 pair of gloves
Will    .....                    (no boots) Stlth
                                 (no amulet)
HPRegen 0.23/turn                C - ring of protection from cold {rC+, !d}
MPRegen 0.09/turn                X - ring of resist corrosion

@: no status effects
A: fangs 2, magic shield, antimagic bite, no potion heal 2
a: no special abilities


You were on level 2 of the Dungeon.
You visited 1 branch of the dungeon, and saw 2 of its levels.

You collected 58 gold pieces.

Inventory:

Hand Weapons
 a - a +0 rapier (weapon)
Armour
 b - a +0 scale mail (worn)
 c - a +0 buckler (worn)
 i - a +0 pair of gloves (worn)
   (You found it on level 2 of the Dungeon)
Jewellery
 C - a ring of protection from cold (left hand) {rC+, !d}
   (You found it on level 1 of the Dungeon)
 X - a ring of resist corrosion (right hand)
   (You found it on level 1 of the Dungeon)
Scrolls
 e - a scroll of identify {unknown}
 f - a scroll of noise {unknown}
 g - a scroll of fear {unknown}
Potions
 d - a potion of degeneration {unknown}
 h - a potion of heal wounds {unknown}
 M - a potion of might


   Skills:
 + Level 3.0 Fighting
 * Level 2.5 Short Blades
 + Level 2.7 Armour
 + Level 3.0 Shields


You had 2 spell levels left.
You didn't know any spells.
Your spell library contained the following spells:

 Spells                   Type           Power      Damage    Failure   Level
 Sting                    Tmut/Pois      0%         1d3       86%         1
 Poisonous Vapours        Pois/Air       0%         N/A       94%         2
 Olgreb's Toxic Radiance  Pois           0%         N/A       100%        4


Dungeon Overview and Level Annotations

Branches:
Dungeon (2/15)

Altars:

Annotations:
D:2 Terence


Innate Abilities, Weirdness & Mutations

You have extremely sharp teeth.
When hurt, damage is shared between your health and your magic reserves.
Your bite disrupts and absorbs the magic of your enemies.
Potions cannot restore your health.


Message History

You hit the adder but do no damage. The adder bites you.
The adder bites you but does no damage.
You take 1 damage, and have 18/19 hp.
You hit the adder.
The ball python bites you but does no damage.
The ball python grabs you. The ball python constricts you.
You block the adder's attack. The ball python closely misses you.
The ball python constricts you.
You completely miss the ball python. Your bite misses the ball python.
The adder bites you but does no damage. The ball python barely misses you.
The ball python constricts you.
You hit the ball python. The adder bites you.
The ball python bites you but does no damage.
The ball python constricts you. The adder bites you but does no damage.
You now have 3/4 mp.
You completely miss the ball python. You bite the ball python.
You kill the ball python!
The adder closely misses you.
Health restored: 19 Unknown command.
You completely miss the adder. Your bite misses the adder.
You block the adder's attack. The adder closely misses you.
You hit the adder.
You kill the adder!
Your Fighting skill increases to level 3!
Your Shields skill increases to level 3!
Health restored: 20 No target in view!
Unknown command.
No target in view!
No target in view!
A bat comes into view.
MP restored: 4 A bat is nearby!
You throw a stone.
The stone hits the bat but does no damage.
The bat barely misses you.
You closely miss the bat. The bat hits you but does no damage.
You throw a stone. The stone barely misses the bat.
The bat completely misses you.
You hit the bat. The bat hits you but does no damage.
You hit the bat.
You kill the bat!
No target in view!
No target in view!
No target in view!
There is a stone staircase leading up here.
i - a +0 pair of gloves You start putting on your armour.
You continue putting on your +0 pair of gloves. x4
You finish putting on your +0 pair of gloves.
Terence the Incautious comes into view.
He is wielding a +0 flail.
Terence shouts!
Terence moves out of view.
No target in view!
No target in view!
Unknown command.
A goblin comes into view. It is wielding a +0 club.
Terence barely misses you.
You hit Terence but do no damage.
Terence says, "Don't bother to defend, it's senseless."
Terence hits you but does no damage. x2
Unknown command.
You hit Terence but do no damage. You bite Terence, but do no damage.
Terence barely misses you.
You closely miss Terence. You block Terence's attack.
Unknown command.
You barely miss Terence.
The goblin shouts!
Terence barely misses you.
You hit Terence but do no damage. You bite Terence, but do no damage.
You block Terence's attack.
You hit Terence but do no damage. Terence hits you but does no damage.
You hit Terence but do no damage. You bite Terence, but do no damage.
Terence closely misses you.
Unknown command.
You barely miss Terence. Terence hits you with a +0 flail.
You block Terence's attack.
You take 3 damage, and have 17/20 hp.
You now have 3/4 mp.
You hit Terence. You bite Terence, but do no damage.
Terence says, "Don't bother to defend, it's senseless."
Terence hits you but does no damage.
You hit Terence but do no damage. Terence hits you with a +0 flail.
You take 1 damage, and have 16/20 hp.
Unknown command.
You hit Terence but do no damage. You bite Terence, but do no damage.
Terence barely misses you.
You hit Terence but do no damage. Your bite misses Terence.
You block Terence's attack.
You hit Terence but do no damage. Terence hits you with a +0 flail.
You take 5 damage, and have 11/20 hp.
MASSIVE DAMAGE!!
You now have 2/4 mp.
Unknown command.
Okay, then.
You hit Terence but do no damage. Terence hits you with a +0 flail.
You take 4 damage, and have 7/20 hp.
You now have 1/4 mp.
You hit Terence but do no damage. Terence hits you but does no damage.
Terence hits you with a +0 flail!
You die...

.#.## #. .... ..
.!. . ... #. #.#
.## g #.# g^#.#..
#)##@##...
#..@#!.# #
#<....###
####.##.#........
......†..........
##.#.##..........
# #..##......
#.##..# .$....
#..†.## ###### #
.......#.# .#


You could see Terence and a goblin.

Vanquished Creatures
  An adder (D:2)
  A dart slug (D:1)
  5 ball pythons
  A giant cockroach (D:1)
  2 goblins (D:1)
  A hobgoblin (D:1)
  2 jackals (D:1)
  2 quokkas (D:1)
  5 bats
  A frilled lizard (D:1)
  3 kobolds (D:1)
  3 rats (D:1)
27 creatures vanquished.

Notes
Turn   | Place    | Note
-------+----------+-------------------------------------------
     0 | D:1      | OTABOTABOTAB the Vine Stalker Fighter began the quest for
                  | the Orb.
     0 | D:1      | Reached XP level 1. HP: 11/11 MP: 2/2
   141 | D:1      | Reached skill level 2 in Short Blades
   208 | D:1      | Reached XP level 2. HP: 16/16 MP: 3/3
   518 | D:1      | Reached XP level 3. HP: 19/19 MP: 4/4
   771 | D:2      | Reached skill level 3 in Fighting
   771 | D:2      | Reached skill level 3 in Shields
   796 | D:2      | Noticed Terence
   813 | D:2      | Slain by Terence

Illustrated notes

Levels and vault maps discovered:
D:1:      amcnicky_arrival_double_pillar, layout_loops_ring, nrook_mini_vaults
D:2:      layout_basic, basic_altar, grunt_ministairs_9,
          chequers_serial_rivers_micro_d, nrook_loot_triangle,
          grunt_decor_one_mirror, uniq_terence

Skill      XL: |  1  2  3 |
---------------+----------+-----
Short Blades   | 2 |  2.5
Fighting       | 3 |  3.0
Shields        | 3 |  3.0
Armour         | |  2.7

Action                   || total
-------------------------++-------
Melee: Rapier            ||    77
       Bite              ||    17
Throw: Stone             ||    24
Armor: Scale mail        ||    38
Dodge: Dodged            ||    38
Block: Buckler           ||    16

Table legend: (Time is in decaauts)
 A = Elapsed time spent in this place.
 B = Non-inter-level travel time spent in this place.
 C = Inter-level travel time spent in this place.
 D = Time resting spent in this place.
 E = Time spent auto-exploring this place.
 F = Levels seen in this place.
 G = Mean time per level.
                   A        B        C        D        E       F      G
               +--------+--------+--------+--------+--------+-----+--------+
         Total |    825 |    812 |     13 |      0 |    635 |   2 |  412.5 |
       Dungeon |    825 |    812 |     13 |      0 |    635 |   2 |  412.5 |
               +--------+--------+--------+--------+--------+-----+--------+

Top non-repeatable levels by time:
     D:1: 704 daAuts
     D:2: 120 daAuts

Table legend:
 A = Kills in this place as a percentage of kills in entire the game.
 B = Kills by you in this place as a percentage of kills by you in the entire game.
 C = Kills by friends in this place as a percentage of kills by friends in the entire game.
 D = Other kills in this place as a percentage of other kills in the entire game.
 E = Experience gained in this place as a percentage of experience gained in the entire game.
 F = Experience gained in this place divided by the number of levels of this place that you have seen.
                   A       B       C       D       E      F
               +-------+-------+-------+-------+-------+----------------------
         Total | 100.0 | 100.0 |   N/A |   N/A | 100.0 |  28.0
       Dungeon | 100.0 | 100.0 |   N/A |   N/A | 100.0 |  28.0
               +-------+-------+-------+-------+-------+----------------------
